 Dungeon Crawl Stone Soup version 0.20.0-10-g0535bb4 (webtiles) character file.

113 grindst0ne the Skirmisher (level 4, -11/32 HPs)
             Began as a Gargoyle Fighter on June 7, 2017.
             Killed by divine providence
             ... invoked by an orc priest
              (12 damage)
             ... on level 4 of the Dungeon.
             The game lasted 00:03:05 (1884 turns).

grindst0ne the Skirmisher (Gargoyle Fighter)        Turns: 1884, Time: 00:03:06

Health: -11/32     AC: 13    Str: 19    XL:     4   Next: 96%
Magic:  4/4        EV:  5    Int:  9    God:
Gold:   105        SH:  9    Dex: 10    Spells: 3/3 levels left

rFire    . . .     SeeInvis .   a - +0 war axe
rCold    . . .     Gourm    .   c - +0 shield
rNeg     + . .     Faith    .   m - +0 chain mail
rPois    ∞         Spirit   .   (no helmet)
rElec    +         Reflect  .   (no cloak)
rCorr    .         Harm     .   g - +0 pair of gloves
MR       .....                  (no boots)
Stlth    ..........             (no amulet)
Regen    0.1/turn               (no ring)
MPRegen  0.1/turn               (no ring)

@: no status effects
A: negative energy resistance 1, electricity resistance, unbreathing,
petrification resistance, rot immunity, AC +3
a: no special abilities


You were on level 4 of the Dungeon.
You were not hungry.

You visited 1 branch of the dungeon, and saw 4 of its levels.

You collected 105 gold pieces.

Inventory:

Hand Weapons
 a - a +0 war axe (weapon)
Armour
 b - a +0 scale mail
 c - a +0 shield (worn)
 g - a +0 pair of gloves (worn)
 m - a +0 chain mail (worn)
Scrolls
 e - 4 scrolls of remove curse {unknown}
 i - a scroll of fear {unknown}
 k - a scroll of teleportation {unknown}
 n - 7 scrolls of identify {unknown}
Potions
 d - 2 potions of might
 j - a potion of cancellation {unknown}
 o - a potion of curing {unknown}
 r - a potion of ambrosia {unknown}
Comestibles
 f - 3 bread rations
 h - a fruit
 l - 2 meat rations
 p - a royal jelly
 q - 4 chunks of flesh


   Skills:
 + Level 6.0 Fighting
 - Level 1.7 Axes
 - Level 3.2 Armour
 - Level 3.2 Shields


You had 3 spell levels left.
You didn't know any spells.

Dungeon Overview and Level Annotations

Branches:
Dungeon (4/15)             Temple (0/1) D:4

Altars:


Innate Abilities, Weirdness & Mutations

You are resistant to torment.
Your stone body is resilient. (AC +3)
You are immune to poison.
You resist negative energy. (rN+)
You are resistant to electric shocks. (rElec)
You can survive without breathing.
You are immune to petrification.
You are immune to rotting.


Message History

There is an open door here.
An orc priest comes into view. It is wielding a falchion.
The orc priest shouts!
An orc comes into view. It is wielding a trident.
The orc shouts!
An orc priest comes into view. It is wielding an enchanted trident.
You see here a cyan potion.
r - a cyan potion The orc priest shouts!
The orc priest invokes the aid of Beogh against you.
Beogh smites you!
Ouch! That really hurt!
You hear a shout!
There is an open door here.
The orc priest calls down the wrath of Beogh upon you.
Beogh smites you!
* * * LOW HITPOINT WARNING * * *
The orc priest calls down the wrath of Beogh upon you.
Beogh smites you!
You die...

.o# #.# #.# #.# ..####.#
########### .....#.#
#.........# .###o#.#
#.........# #### .#.....#
#......^..##888## ..)...##
#.........#8...8#
##..#'####.....÷...#8.>.8#
...<.....o..o...@...8...8#
#.#........o#######.#8.8##
....÷.......# #....##
............# ######
............#
.#.#........#
##....####### ######


You could see 2 orc priests and an orc.

Vanquished Creatures
  An iguana (D:4)
  3 adders (D:3)
  2 worms (D:2)
  A dart slug (D:2)
  A leopard gecko (D:4)
  2 orcs (D:3)
  6 bats
  A giant cockroach (D:1)
  3 goblins
  6 hobgoblins
  9 jackals
  A ball python (D:2)
  4 frilled lizards
  5 kobolds
  5 rats
50 creatures vanquished.

Notes
Turn   | Place    | Note
-------+----------+-------------------------------------------
     0 | D:1      | grindst0ne the Gargoyle Fighter began the quest for the Orb.
     0 | D:1      | Reached XP level 1. HP: 14/14 MP: 1/1
    85 | D:1      | Reached XP level 2. HP: 18/20 MP: 2/2
    93 | D:1      | Reached skill level 4 in Fighting
   748 | D:2      | Reached XP level 3. HP: 24/24 MP: 3/3
  1079 | D:2      | Reached skill level 5 in Fighting
  1263 | D:3      | Reached XP level 4. HP: 31/31 MP: 4/4
  1829 | D:4      | Reached skill level 6 in Fighting
  1844 | D:4      | Found a staircase to the Ecumenical Temple.
  1882 | D:4      | HP: 1/32 [orc priest/divine providence (15)]
  1884 | D:4      | Killed from afar by an orc priest

Skill      XL: |  1  2  3  4 |
---------------+-------------+-----
Fighting       | 4 5 6 |  6.0
Axes           | |  1.7
Armour         | |  3.2
Shields        | |  3.2

Action                   |  1- 3 |  4- 6 || total
-------------------------+-------+-------++-------
Melee: War axe           |   104 |    51 ||   155
  Eat: Chunk             |     1 |     2 ||     3
Armor: Scale mail        |    66 |    28 ||    94
       Chain mail        |       |     4 ||     4
Dodge: Dodged            |    35 |    17 ||    52
Block: Shield            |    66 |    35 ||   101
